Map: Automaton LE

Players

Stropheum - Winner!

  • Race: Zerg Zerg
  • League: Master
  • Spawn Location: 9:00

PandaKO

  • Race: Terran Terran
  • League: Diamond
  • Spawn Location: 3:00

VOD

Have the link to the VOD?

Description

Time

  • Played on: Feb. 14, 2019, 5:18 p.m.
  • Length: 15:06
Show
View Real Time Build Order
Export as new Build Order

Stropheum Zerg - Winner!

Build Orders: Hatch First 

Get SALT Encoding   

  12  0:00  Drone  
  13  0:12  Overlord  
  13  0:18  Drone  
  14  0:31  Drone x2  
  14  0:35  Drone  
  17  0:52  Hatchery  
  17  0:56  Drone  
  17  0:59  Drone  
  18  1:10  Extractor  
  17  1:15  Spawning Pool  
  17  1:18  Drone  
  17  1:21  Drone  
  18  1:28  Drone  
  19  1:39  Overlord  
  19  2:02  Zergling x4  
  19  2:04  Queen x2  
  19  2:05  Zergling x2  
  26  2:13  Metabolic Boost  
  26  2:15  Drone  
  27  2:17  Drone  
  28  2:23  Drone  
  28  2:26  Drone  
  30  2:34  Spore Crawler  
  30  2:37  Spore Crawler  
  28  2:49  Hatchery  
  29  3:01  Overlord, Drone  
  29  3:02  Drone x3  
  33  3:06  Drone  
  33  3:10  Queen  
  36  3:17  Overlord  
  36  3:20  Drone x2  
  36  3:22  Drone  
  36  3:25  Drone  
  40  3:28  Drone  
  40  3:29  Drone  
  40  3:32  Overlord  
  42  3:37  Overlord  
  42  3:50  Zergling x14  
  42  3:54  Zergling x2  
  50  3:58  Lair  
  50  4:08  Drone x4  
  54  4:21  Drone  
  54  4:22  Drone x7  
  62  4:34  Overlord x4  
  62  4:41  Extractor x2  
  62  4:42  Baneling Nest  
  62  4:43  Evolution Chamber  
  58  4:59  Drone x12  
  70  5:06  Queen x2  
  74  5:10  Queen  
  76  5:19  Zerg Ground Armor Level 1  
  76  5:28  Overlord x3  
  76  5:37  Zergling x2  
  76  5:38  Zergling x18  
  76  5:39  Zergling x2  
  76  5:42  Centrifical Hooks  
  87  5:54  Baneling x7  
  87  5:56  Zergling x16  
  95  6:03  Spore Crawler  
  92  6:05  Spore Crawler x2  
  72  6:42  Drone  
  72  6:43  Drone x10  
  83  6:50  Queen x2  
  83  6:51  Queen  
  88  6:55  Baneling  
  88  6:56  Baneling x12  
  88  7:01  Zergling x8  
  82  7:25  Zergling x14  
  87  7:43  Drone x5  
  92  7:46  Drone x3  
  92  7:47  Hatchery x2  
  89  8:01  Zerg Missile Weapons Level 1  
  89  8:02  Evolution Chamber, Drone x2  
  84  8:08  Drone x8  
  84  8:12  Extractor x2  
  89  8:16  Drone x2, Hatchery  
  89  8:17  Drone x3  
  89  8:18  Drone  
  89  8:19  Extractor  
  92  8:24  Extractor  
  86  8:34  Hydralisk Den, Drone  
  86  8:35  Drone x4  
  86  8:36  Infestation Pit  
  86  8:39  Extractor  
  88  8:46  Overlord x7  
  88  8:50  Overseer  
  88  8:56  Zergling x12  
  88  8:58  Zerg Melee Weapons Level 1  
  93  9:07  Grooved Spines  
  93  9:12  Hive  
  93  9:16  Overseer x2  
  93  9:17  Hydralisk x7  
  93  9:19  Overseer  
  93  9:21  Pneumatized Carapace, Hatchery  
  106  9:31  Hydralisk x4  
  106  9:34  Zergling x6  
  117  9:42  Queen  
  117  9:44  Queen  
  121  9:48  Baneling  
  121  9:49  Baneling x11, Hydralisk  
  121  9:50  Hydralisk  
  125  9:58  Zergling x12  
  131  10:06  Zerg Ground Armor Level 2  
  123  10:19  Drone x12  
  123  10:20  Drone  
  129  10:43  Adrenal Glands  
  129  10:47  Viper x3  
  138  11:02  Zergling x2  
  138  11:03  Zergling x20  
  140  11:07  Hydralisk x7  
  140  11:08  Zergling x6  
  153  11:19  Muscular Augments  
  153  11:21  Zerg Missile Weapons Level 2  
  153  11:31  Drone x3  
  153  11:32  Drone x2  
  157  11:41  Viper x2  
  157  11:43  Overlord x7  
  157  11:44  Overlord  
  163  11:57  Spine Crawler x2  
  161  12:16  Extractor  
  161  12:19  Extractor  
  159  12:24  Zerg Melee Weapons Level 2  
  159  12:28  Hydralisk x6  
  159  12:29  Hydralisk x6  
  183  12:39  Viper  
  183  12:42  Zergling x26  
  199  12:48  Baneling  
  199  12:49  Baneling x9  
  199  12:59  Baneling x8  
  199  13:00  Baneling  
  180  13:32  Hydralisk x12  
  199  13:39  Drone  
  199  13:40  Drone x10  
  195  13:51  Drone x6  
  195  13:52  Drone x2  
  195  14:03  Drone x2  
  195  14:04  Spine Crawler x2  
  195  14:05  Spine Crawler  
  195  14:07  Spine Crawler  
  193  14:12  Spine Crawler  
  192  14:20  Hatchery  
  192  14:21  Spine Crawler  
  192  14:23  Spine Crawler  
Show
View Real Time Build Order
Export as new Build Order

PandaKO Terran 

Build Orders: Hellion Opening, Reaper Expand 

Get SALT Encoding   

  12  0:00  SCV  
  13  0:12  SCV  
  14  0:17  Supply Depot  
  14  0:25  SCV  
  15  0:39  SCV  
  15  0:40  Barracks  
  16  0:46  Refinery  
  16  0:52  SCV  
  17  1:04  SCV  
  18  1:16  SCV  
  19  1:29  Reaper, Orbital Command  
  20  1:42  Command Center  
  20  1:52  Supply Depot  
  20  1:55  SCV  
  20  2:01  Marine  
  22  2:07  SCV  
  23  2:12  Factory  
  23  2:18  Refinery  
  23  2:20  SCV  
  23  2:22  Barracks Reactor  
  24  2:44  SCV  
  25  3:01  Orbital Command  
  25  3:05  Hellion x2  
  29  3:07  SCV  
  29  3:12  Starport  
  30  3:21  SCV  
  30  3:23  Supply Depot  
  30  3:26  Hellion x2  
  35  3:27  SCV  
  35  3:31  Barracks Tech Lab  
  35  3:45  Supply Depot  
  35  3:48  Hellion x2  
  39  3:49  SCV x2  
  39  3:50  Viking  
  43  3:59  Fusion Core  
  43  4:08  SCV x2  
  45  4:18  Hellion x2  
  45  4:19  Supply Depot  
  49  4:24  SCV x2  
  51  4:39  Hellion x2  
  55  4:47  Battlecruiser  
  55  4:51  Supply Depot  
  61  4:58  SCV x2  
  63  5:04  Refinery  
  63  5:06  Refinery  
  63  5:11  Command Center  
  63  5:16  Supply Depot  
  63  5:18  SCV x2  
  63  5:21  Supply Depot  
  65  5:27  Hellion x2  
  69  5:31  SCV x2  
  71  5:49  Hellion x2  
  75  5:53  Factory  
  75  5:56  Factory  
  75  6:04  SCV x2  
  75  6:05  Barracks Tech Lab  
  69  6:21  SCV  
  68  6:26  Armory  
  68  6:27  Orbital Command, Engineering Bay  
  68  6:28  Armory  
  68  6:30  Hellion x2  
  62  6:56  Hellion x2  
  62  6:57  Cyclone x2, Infernal Pre-Igniter  
  62  6:58  Mag-Field Accelerator  
  72  7:05  Factory  
  66  7:09  SCV x2  
  66  7:10  SCV  
  57  7:23  Hellion x2  
  50  7:39  Cyclone x2  
  56  7:45  Hellion x2  
  60  7:58  Orbital Command  
  55  8:06  Hellion x2  
  55  8:10  Factory Reactor  
  55  8:11  Cyclone x2  
  59  8:34  Supply Depot  
  59  8:37  Orbital Command, Terran Vehicle Weapons Level 1, Terran Vehicle And Ship Armor Level 1  
  59  8:50  Refinery  
  59  8:58  Cyclone x2  
  59  8:59  Hellion x4  
  73  9:03  Refinery  
  73  9:10  Refinery  
  73  9:12  Command Center  
  73  9:17  Supply Depot  
  73  9:22  Hellion x2  
  73  9:25  Supply Depot  
  73  9:26  SCV x2  
  73  9:30  Missile Turret  
  75  9:33  Missile Turret  
  75  9:34  Cyclone  
  75  9:35  Cyclone, Hellion  
  83  9:49  Hellion x2  
  83  9:51  SCV  
  83  9:52  SCV x2  
  88  10:14  Marine  
  88  10:16  Cyclone  
  88  10:18  Cyclone  
  88  10:19  Hellion  
  88  10:21  Hellion  
  93  10:23  Supply Depot  
  93  10:24  SCV x2, Hellion x2, Supply Depot  
  93  10:26  SCV x2  
  101  10:32  Marine  
  102  10:40  SCV x4  
  102  10:42  Hellion  
  108  10:43  Supply Depot  
  108  10:44  Supply Depot  
  108  10:48  Cyclone  
  111  11:03  Cyclone  
  104  11:19  Starport Tech Lab, Factory  
  104  11:20  Cyclone, Factory, Hellion  
  104  11:21  Hellion x3  
  113  11:26  SCV x2  
  115  11:35  Cyclone  
  115  11:36  Terran Vehicle And Ship Armor Level 2, Terran Vehicle Weapons Level 2  
  118  11:47  Raven  
  118  11:50  Hellion x2  
  118  11:51  Hellion x2  
  128  11:59  Cyclone  
  131  12:04  Factory Tech Lab  
  131  12:06  Factory Reactor  
  134  12:08  Cyclone  
  134  12:11  Hellion  
  136  12:19  Hellion  
  136  12:20  Hellion  
  140  12:23  Supply Depot x2  
  140  12:24  Supply Depot  
  140  12:26  Planetary Fortress  
  140  12:28  SCV x3  
  143  12:32  Cyclone  
  143  12:35  Hellion  
  148  12:45  Cyclone, Hellion  
  148  12:47  Supply Depot  
  148  12:50  Hellion x2  
  157  13:13  Cyclone  
  157  13:14  Hellion x3  
  157  13:15  Hellion  
  157  13:17  Cyclone  
  118  13:36  Hellion x4  
  126  13:45  Cyclone  
  126  13:49  Cyclone  
  129  13:57  Hellion  
  129  13:58  Cyclone  
  129  13:59  Hellion x2, Starport Reactor  
  124  14:06  Hellion x3  
  130  14:18  Cyclone  
  130  14:20  Hellion  
  130  14:21  Cyclone  
  130  14:22  Hellion x2  
  142  14:27  Hellion  
  142  14:28  Hellion  
  142  14:30  Cyclone  
Tags
 
Add a new tag
Caveats
  • Supply blocks, unpowered buildings, or Contaminate may cause inaccurate times.
  • Supply counts are checked every 10 seconds.